 Dungeon Crawl Stone Soup version 0.30-a0-782-ge64f9170bb (webtiles) character file.

Game seed: 10057473334969533313

128 Crownlay the Digger (level 5, -5/28 HPs)
             Began as a Gargoyle Earth Elementalist on Mar 8, 2023.
             Killed from afar by Robin (11 damage)
             ... with a bolt of light
             ... on level 3 of the Dungeon.
             The game lasted 00:02:19 (1997 turns).

Crownlay the Digger (Gargoyle Earth Elementalist)   Turns: 1997, Time: 00:02:20

Health: -5/28      AC:  7    Str: 11    XL:     5   Next: 12%
Magic:  1/11       EV: 11    Int: 18    God:
Gold:   53         SH:  0    Dex: 10    Spells: 11/12 levels left

rFire   . . .      SeeInvis .    d - +0 short sword
rCold   . . .      Faith    .    (no shield)
rNeg    + . .      Spirit   .    a - +0 robe
rPois   ∞          Reflect  .    (no helmet)
rElec   +          Harm     .    q - +0 cloak
rCorr   .          Rampage  .    (no gloves)
Will    .....                    (no boots)
Stlth   +                        (no amulet)
HPRegen 0.24/turn                (no ring)
MPRegen 0.12/turn                (no ring)

@: confused, mighty
A: sickness immunity, AC +4, negative energy resistance 1, electricity
resistance, torment resistance 1, petrification resistance
a: no special abilities


You were on level 3 of the Dungeon.
You visited 1 branch of the dungeon, and saw 3 of its levels.

You collected 53 gold pieces.

Inventory:

Hand Weapons
 d - a +0 short sword (weapon)
Missiles
 e - 2 silver boomerangs
 j - a throwing net
Armour
 a - a +0 robe (worn)
 q - a +0 cloak (worn)
Scrolls
 c - 3 scrolls of identify {unknown}
 k - a scroll of enchant weapon {unknown}
 l - a scroll of poison {unknown}
 m - a scroll of amnesia {unknown}
 n - a scroll of immolation {unknown}
 r - a scroll of teleportation {unknown}
Potions
 b - a potion of magic
 f - 3 potions of might
 g - 2 potions of curing {unknown}
 h - a potion of heal wounds {unknown}
 i - 2 potions of haste {unknown}
 o - a potion of resistance {unknown}
 p - a potion of brilliance {unknown}


   Skills:
 - Level 1.5 Dodging
 - Level 2.1 Stealth
 * Level 4.0 Spellcasting
 - Level 0.7 Transmutations
 + Level 4.9 Earth Magic


You had 11 spell levels left.
You knew the following spells:

 Your Spells              Type           Power      Damage    Failure   Level
a - Sandblast             Erth           42%        2d11      1%          1

Your spell library contained the following spells:

 Spells                   Type           Power      Damage    Failure   Level
 Passwall                 Tmut/Erth      10%        N/A       7%          2
 Stone Arrow              Conj/Erth      24%        3d8       16%         3
 Petrify                  Tmut/Erth      13%        N/A       41%         4


Dungeon Overview and Level Annotations

Branches:
Dungeon (3/15)

Altars:

Annotations:
D:3 Robin


Innate Abilities, Weirdness & Mutations

You are immune to sickness and miasma.
Your stone body is resilient. (AC +4)
You are immune to poison.
You resist negative energy. (rN+)
You are resistant to electric shocks. (rElec)
You are resistant to unholy torment.
You are immune to petrification.


Message History

Robin says, "Bow before me, strongest of all the hobgoblins!"
Casting: Sandblast (safe; 1% risk of failure)
Confirm with . or Enter, or press ? or * to list all spells.
Aiming: Sandblast (safe; 1% risk of failure)
Press: ? - help, Shift-Dir - straight line, f/p - hobgoblin
Aim: a hobgoblin (severely wounded, strong, 83% to hit)
The blast of sand hits the hobgoblin.
You kill the hobgoblin!
Robin throws the goblin at you! The goblin hits you with a +0 club.
Casting: Sandblast (safe; 1% risk of failure)
Confirm with . or Enter, or press ? or * to list all spells.
Aiming: Sandblast (safe; 1% risk of failure)
Press: ? - help, Shift-Dir - straight line, f - goblin
Aim: a goblin, wielding a +0 club (strong, 79% to hit)
The blast of sand hits the goblin!
You kill the goblin!
Casting: Sandblast (safe; 1% risk of failure)
Confirm with . or Enter, or press ? or * to list all spells.
Aiming: Sandblast (safe; 1% risk of failure)
Press: ? - help, Shift-Dir - straight line, f - Robin
Aim: Robin, wielding a +0 mace, wearing a +2 animal skin, wearing a +0 helmet and carrying a wand of light (10) (87% to hit)
The blast of sand hits Robin.
Robin is moderately wounded.
Robin zaps a wand.
The bolt of light hits you!!
You are confused.
Ouch! That really hurt!
* * * LOW HITPOINT WARNING * * *
Robin barely misses you.
You're too confused to cast spells.
Sorry, you're not good enough to have a special ability.
Unknown command.
You're too confused to cast spells.
Sorry, you're not good enough to have a special ability.
You hit Robin but do no damage.
Robin is moderately wounded.
Robin barely misses you.
It was a potion of might.
You feel very mighty all of a sudden.
Robin zaps a wand.
The bolt of light hits you!
You die...

#.# #.# ##.#########.#.
#.# #(# #.....# #...
#.#####.###.....# ###.
#...............# #######
###########.....###......
#.........##.#####
#.####.......# # #)#
####.##.# # #@# #.##.# #
#g# #.##.##### #.#
#.##...... #.# #.#####.##
#.# #.# #.# #### #)# #.#
#.# .g.g.#### #.#
#.#####.# gg...g..# #.#
#.......# ##.###)#
#########


You could see Robin.

Vanquished Creatures
  Natasha (twice) (D:3)
  3 adders (D:3)
  5 endoplasms
  A giant cockroach (D:3)
  5 hobgoblins
  3 jackals (D:3)
  4 quokkas
  2 ball pythons
  5 bats
  2 frilled lizards
  7 goblins
  8 kobolds
  4 rats
51 creatures vanquished.

Vanquished Creatures (others)
  12 plants (D:2)
12 creatures vanquished.

Grand Total: 63 creatures vanquished

Notes
Turn   | Place    | Note
-------+----------+-------------------------------------------
     0 | D:1      | Crownlay the Gargoyle Earth Elementalist began the quest
                  | for the Orb.
     0 | D:1      | Reached XP level 1. HP: 10/10 MP: 3/3
   280 | D:1      | Reached XP level 2. HP: 10/15 MP: 0/5
  1080 | D:2      | Reached XP level 3. HP: 16/19 MP: 0/7
  1700 | D:3      | Noticed Natasha
  1705 | D:3      | Killed Natasha
  1706 | D:3      | Reached XP level 4. HP: 18/24 MP: 3/9
  1925 | D:3      | Noticed Natasha
  1929 | D:3      | Killed Natasha
  1955 | D:3      | Found a faded altar of an unknown god.
  1974 | D:3      | Noticed Robin
  1975 | D:3      | Reached XP level 5. HP: 28/28 MP: 7/11
  1997 | D:3      | Killed from afar by Robin

Illustrated notes

Levels and vault maps discovered:
D:1:      eino_arrival_cavern_d, layout_loops_ring
D:2:      layout_rooms, serial_bayou_pond_c
D:3:      layout_loops_ring, ebering_ecumenical_altar_webs,
          minmay_misc_feat_pillars, uniq_natasha, uniq_robin

Skill      XL: |  1  2  3  4 |
---------------+-------------+-----
Earth Magic    | 4 |  4.9
Spellcasting   | 3 4 |  4.0
Dodging        | |  1.5
Stealth        | |  2.1
Transmutations | |  0.7

Action                     |  1- 3 |  4- 6 || total
---------------------------+-------+-------++-------
  Melee: Short sword       |    25 |     1 ||    26
   Cast: Sandblast         |    57 |    16 ||    73
    Use: Potion            |       |     1 ||     1
   Stab: Sleeping          |     1 |       ||     1
 Armour: Robe              |    32 |     2 ||    34
  Dodge: Dodged            |    39 |     3 ||    42

Table legend: (Time is in decaauts)
 A = Elapsed time spent in this place.
 B = Non-inter-level travel time spent in this place.
 C = Inter-level travel time spent in this place.
 D = Time resting spent in this place.
 E = Time spent auto-exploring this place.
 F = Levels seen in this place.
 G = Mean time per level.
                   A        B        C        D        E       F      G
               +--------+--------+--------+--------+--------+-----+--------+
         Total |   2053 |   2013 |     40 |      0 |   1684 |   3 |  684.3 |
       Dungeon |   2053 |   2013 |     40 |      0 |   1684 |   3 |  684.3 |
               +--------+--------+--------+--------+--------+-----+--------+

Top non-repeatable levels by time:
     D:2: 719 daAuts
     D:1: 685 daAuts
     D:3: 647 daAuts
